 Dungeon Crawl Stone Soup version 0.17-a0-1701-gf693a3f (console) character file.

58 Monkaria the Scratcher (level 3, -1/17 HPs)
             Began as a Felid Chaos Knight on Aug 21, 2015.
             Slain by a goblin (2 damage)
             ... led by Robin
             ... on level 2 of the Dungeon.
             The game lasted 00:01:15 (1109 turns).

Monkaria the Scratcher (Felid Chaos Knight)         Turns: 1109, Time: 00:01:15

Health: -1/17      AC:  1    Str:  9    XL:     3   Next: 76%
Magic:  4/4        EV: 19    Int: 13    God:    Xom [..*...]
Gold:   68         SH:  0    Dex: 18    Spells: 0 memorised, 2 levels left
                                        Lives:  0   Deaths: 0

rFire  . . .     SeeInvis +       - Unarmed
rCold  . . .     Clarity  .     (armour unavailable)
rNeg   . . .     SustAt   .     (shield unavailable)
rPois  .         Gourm    .     (helmet unavailable)
rElec  .         Spirit   .     (cloak unavailable)
rCorr  .         Warding  .     (gloves unavailable)
rMut   .         Stasis   .     (boots unavailable)
MR     .....                    (no amulet)
Stlth  ++........               (no ring)
                                d - +3 ring of dexterity

@: quick, not resistant to hostile enchantments, unstealthy
A: no armour, no weapons or thrown items, claws 1, fangs 3, see invisible,
carnivore 3, speed 1, shaggy fur 1, slow metabolism 1, sharp paws
a: Renounce Religion


You were on level 2 of the Dungeon.
You worshipped Xom.
You were a toy of Xom.
You were very full.

You visited 1 branch of the dungeon, and saw 2 of its levels.

You collected 68 gold pieces.

Inventory:

Jewellery
 d - a +3 ring of dexterity (left paw)
Scrolls
 b - a scroll of teleportation {unknown}
 c - a scroll of random uselessness {unknown}
 e - 2 scrolls of fear {unknown}
 f - a scroll of fog {unknown}
 g - 2 scrolls of remove curse {unknown}
 h - 2 scrolls of enchant weapon {unknown}
Potions
 i - a potion of might {unknown}
Comestibles
 a - a meat ration


   Skills:
 - Level 3.0 Fighting
 - Level 3.2 Dodging
 + Level 4.7 Unarmed Combat


You had 2 spell levels left.
You didn't know any spells.

Dungeon Overview and Level Annotations

Branches:
Dungeon (2/15)

Altars:
Fedhas
Gozag


Innate Abilities, Weirdness & Mutations

You cannot wear armour.
You are incapable of wielding weapons or throwing items.
You have sharp claws.
You have razor-sharp teeth.
You have supernaturally acute eyesight.
You are carnivorous and can eat meat at any time.
You cover ground quickly.
You are covered in fur (AC +1).
You have a slow metabolism.
Your sharp claws are effective at attacking unaware monsters.


Message History

Robin is almost dead.
Robin barely misses you. The goblin completely misses you.
The goblin closely misses you.
You scratch Robin.
Robin is almost dead.
Robin misses you. The goblin hits you. The goblin hits you.
You scratch Robin.
You kill Robin!
The goblin completely misses you.
The goblin wields a hunting sling.
The goblin shoots a stone.
The stone barely misses you.
The stone closely misses the goblin.
The goblin misses you. The goblin misses you.
You barely miss the goblin. The goblin misses you. The goblin misses you.
The goblin hits you with a dagger.
You miss the goblin.
The goblin shoots a stone.
The stone hits you!
* * * LOW HITPOINT WARNING * * *
Xom is mildly amused.
The goblin hits you.
You die... "Boring in life, boring in death..."

#.......# .....# #.######
##.##.####.....# #...(..#
#.##†##.# #.....# #.####.#
#.......# #....!##
##.####.# #.##.##g#
#....... ....##.#
#.##.####.....# ##.#.##.#
#.......).....#####.#[##.##
####.###ggg..g...##.......#
#.# ##..)@.##.##.#...#.###
..# #..g.g##.##.......#.#
#### #....................
#.....#####.......#..
#.....# #.#[..#.###
#...#..# #.......# #
#.#....# #.......# #
#....... #.#####.# #
#.._..._ #.# #.#


You could see 6 goblins.

Vanquished Creatures
  Robin (D:2)
  An adder (D:2)
  A gnoll (D:1)
  2 worms (D:2)
  A giant gecko (D:1)
  7 goblins
  2 hobgoblins (D:1)
  4 kobolds
  A ball python (D:1)
  2 bats (D:1)
  A giant cockroach (D:2)
  A giant newt (D:1)
  3 rats
27 creatures vanquished.

Vanquished Creatures (others)
  5 toadstools (D:1)
5 creatures vanquished.

Grand Total: 32 creatures vanquished

Notes
Turn   | Place    | Note
--------------------------------------------------------------
     0 | D:1      | Monkaria the Felid Chaos Knight began the quest for the Orb.
     0 | D:1      | Reached XP level 1. HP: 10/10 MP: 2/2
    94 | D:1      | Reached XP level 2. HP: 14/14 MP: 3/3
   243 | D:1      | Reached skill level 4 in Unarmed Combat
   246 | D:1      | XOM: harmless Necr miscast
   558 | D:1      | XOM: divination: detect creatures
   602 | D:1      | XOM: harmless Hex miscast
   634 | D:1      | You fall through a shaft!
   680 | D:2      | Reached XP level 3. HP: 17/17 MP: 4/4
   771 | D:2      | Noticed Robin
   775 | D:2      | XOM: enchant monster (bad)
  1097 | D:2      | Found a blossoming altar of Fedhas.
  1098 | D:2      | Found an opulent altar of Gozag.
  1107 | D:2      | Killed Robin
  1109 | D:2      | Slain by a goblin

Vault maps used:
D:1:      ldierk_walled_garden, feat_on_display
D:2:      grunt_temple_overflow_open, first_bread, lexackson_kobold_supper,
          uniq_robin, uniq_crazy_yiuf_cottage

Action                   || total
-------------------------++-------
Melee: Unarmed           ||    76
 Stab: Sleeping          ||     3
  Eat: Chunk             ||     7
